 Dungeon Crawl Stone Soup version 0.30-a0-359-gd0147acb1a (webtiles) character file.

Game seed: 4686710926038953878

375 arthad the Trooper (level 6, -6/42 (49) HPs)
             Began as a Vine Stalker Fighter on Nov 12, 2022.
             Mangled by a wight
             ... wielding a +4 halberd
              (9 damage)
             ... on level 4 of the Dungeon.
             The game lasted 00:02:50 (2153 turns).

arthad the Trooper (Vine Stalker Fighter)           Turns: 2153, Time: 00:02:51

HP:   -6/42 (49)    AC:  6    Str: 21    XL:     6   Next: 73%
MP:   0/7           EV: 10    Int:  8    God:
Gold: 199           SH:  5    Dex: 13    Spells: 5/5 levels left

rFire   . . .      SeeInvis .    a - +0 war axe
rCold   . . .      Faith    .    c - +0 buckler
rNeg    . . .      Spirit   +    i - +3 leather armour "Fekeel" {rCorr}
rPois   .          Reflect  .    (no helmet)
rElec   .          Harm     .    (no cloak)
rCorr   +          Rampage  .    (no gloves)
Will    .....                    (no boots)
Stlth   ..........               (no amulet)
HPRegen 1.07/turn                (no ring)
MPRegen 0.10/turn                (no ring)

@: berserking, heavily drained, very quick
A: fangs 2, regeneration 1, magic shield, antimagic bite, no potion heal 2
a: no special abilities


You were on level 4 of the Dungeon.
You visited 1 branch of the dungeon, and saw 4 of its levels.

You collected 199 gold pieces.

Inventory:

Hand Weapons
 a - a +0 war axe (weapon)
 t - a +5 short sword
Missiles
 q - a throwing net (quivered)
Armour
 b - a +0 scale mail
 c - a +0 buckler (worn)
 i - the +3 leather armour "Fekeel" (worn) {rCorr}
   (You found it on level 2 of the Dungeon)

   rCorr:     It protects you from acid and corrosion.
Scrolls
 d - a scroll of magic mapping {unknown}
 e - a scroll of acquirement {unknown}
 g - 3 scrolls of identify {unknown}
 h - 2 scrolls of teleportation {unknown}
 j - 2 scrolls of enchant weapon {unknown}
 m - a scroll of brand weapon {unknown}
 n - a scroll of immolation {unknown}
 o - a scroll of poison {unknown}
 r - 2 scrolls of blinking {unknown}
Potions
 f - 2 potions of haste
 k - a potion of berserk rage
 l - 2 potions of degeneration {unknown}
 p - a potion of curing {unknown}
 s - a potion of mutation {unknown}


   Skills:
 * Level 4.2 Fighting
 * Level 3.6 Axes
 + Level 3.2 Armour
 + Level 2.9 Stealth
 + Level 3.4 Shields


You had 5 spell levels left.
You didn't know any spells.
Your spell library contained the following spells:

 Spells                   Type           Power      Damage    Failure   Level
 Dazzling Flash           Conj/Hex       0%         N/A       89%         3
 Portal Projectile        Hex/Tloc       0%         N/A       89%         3
 Tukima's Dance           Hex            0%         N/A       89%         3
 Agony                    Necr           0%         N/A       100%        5
 Blade Hands              Tmut           0%         N/A       100%        5
 Silence                  Hex/Air        0%         N/A       100%        5


Dungeon Overview and Level Annotations

Branches:
Dungeon (4/15)
 Temple: D:4-7

Altars:


Innate Abilities, Weirdness & Mutations

You have extremely sharp teeth.
Your natural rate of healing is unusually fast.
When hurt, damage is shared between your health and your magic reserves.
Your bite disrupts and absorbs the magic of your enemies.
Potions cannot restore your health.


Message History

No target in view!
No target in view!
No target in view!
Found a stone staircase leading down.
A hobgoblin comes into view.
A hobgoblin is nearby!
The hobgoblin shouts!
The hobgoblin closely misses you.
You barely miss the hobgoblin. The hobgoblin completely misses you.
You slash the hobgoblin!
You kill the hobgoblin!
You see here a hobgoblin corpse. 2 wights come into view.
The wight closely misses you. The wight hits you with a +4 halberd!
You feel drained.
You hit the wight but do no damage. You bite the wight, but do no damage.
You block the wight's attack.
The wight hits you from afar with a +0 spear!
The wight hits you from afar with a +0 spear.
You feel drained. The wight barely misses you.
You are too injured to fight recklessly!
You are too injured to fight recklessly!
You are too injured to fight recklessly!
It was a potion of berserk rage.
A red film seems to cover your vision as you go berserk!
You feel yourself moving faster!
You feel mighty! The wight hits you with a +4 halberd!!
* * * LOW HITPOINT WARNING * * *
You feel drained.
* * * LOW HITPOINT WARNING * * *
The wight barely misses you.
You hit the wight. You bite the wight, but do no damage.
The wight is moderately damaged.
You hit the wight.
The wight is severely damaged.
The wight barely misses you. x2
You closely miss the wight.
The wight is severely damaged.
The wight hits you with a +4 halberd!
You die...

#.###.###.†.........# #.#
##.##.##.#...###############.##
##.#.#.####.# .........##
##...## #.# #.#####.#... ##.##
#.# #.# ##..## ##.# #.# #.#
#..# #..# #.# ##.######†.##
#.## #.#######............ #.#
#.#.@zz............## #.#
#.#.#####....####.... #.# #.#.#
#[#.# #..##
#.#######.#.######.#.####..#
...........................#
..################.........#
..........####### .#######..#
...# #..#


You could see 2 wights.

Vanquished Creatures
  Sigmund (D:2)
  A phantom (D:4)
  A wight (D:4)
  Ijyb (D:3)
  An ufetubus (D:4)
  A worm (D:3)
  2 dart slugs
  6 ball pythons
  4 bats
  3 endoplasms
  2 giant cockroaches
  6 goblins
  9 hobgoblins
  2 quokkas
  3 frilled lizards
  A kobold (D:3)
  7 rats
51 creatures vanquished.

Vanquished Creatures (others)
  5 toadstools (D:1)
5 creatures vanquished.

Grand Total: 56 creatures vanquished

Notes
Turn   | Place    | Note
-------+----------+-------------------------------------------
     0 | D:1      | arthad the Vine Stalker Fighter began the quest for the
                  | Orb.
     0 | D:1      | Reached XP level 1. HP: 11/11 MP: 2/2
    73 | D:1      | Reached XP level 2. HP: 16/16 MP: 3/3
   236 | D:1      | Reached skill level 3 in Fighting
   236 | D:1      | Reached skill level 1 in Stealth
   359 | D:1      | Reached XP level 3. HP: 20/20 MP: 4/4
   628 | D:2      | Identified the +3 leather armour "Fekeel" {rCorr}
   964 | D:2      | Noticed Sigmund
   980 | D:2      | Killed Sigmund
   981 | D:2      | Gained mutation: Your natural rate of healing is unusually
                  | fast. [Vine Stalker growth]
   981 | D:2      | Reached XP level 4. HP: 19/25 MP: 3/5
   981 | D:2      | Reached XP level 5. HP: 22/29 MP: 3/6
  1547 | D:3      | Noticed Ijyb
  1559 | D:3      | Killed Ijyb
  1560 | D:3      | Reached XP level 6. HP: 33/33 MP: 5/7
  1996 | D:4      | Reached skill level 4 in Fighting
  2150 | D:4      | HP: 1/42 [wight/+4 halberd (6)]
  2153 | D:4      | Mangled by a wight

Illustrated notes

Levels and vault maps discovered:
D:1:      amcnicky_arrival_gap_in_the_tavern_cellar, layout_basic,
          minmay_gold_behind_fungi, st_stairs_12
D:2:      layout_basic, kennysheep_generic_room_14, uniq_sigmund
D:3:      layout_basic, nicolae_elevator_lobby_plus, uniq_ijyb
D:4:      layout_loops_ring, serial_shops, shop, st_stairs_3, uniq_robin

Skill      XL: |  1  2  3  4  5  6 |
---------------+-------------------+-----
Axes           | 2 3 |  3.6
Fighting       | 3 4 |  4.2
Stealth        | 1 2 |  2.9
Armour         | 3 |  3.2
Shields        | 3 |  3.4

Action                   |  1- 3 |  4- 6 || total
-------------------------+-------+-------++-------
Melee: War axe           |    72 |    63 ||   135
       Bite              |    17 |    18 ||    35
  Use: Potion            |     2 |     1 ||     3
 Stab: Sleeping          |       |     2 ||     2
Armor: Scale mail        |    21 |       ||    21
       Leather armour    |    11 |    21 ||    32
Dodge: Dodged            |    39 |    38 ||    77
Block: Buckler           |    16 |    17 ||    33

Table legend: (Time is in decaauts)
 A = Elapsed time spent in this place.
 B = Non-inter-level travel time spent in this place.
 C = Inter-level travel time spent in this place.
 D = Time resting spent in this place.
 E = Time spent auto-exploring this place.
 F = Levels seen in this place.
 G = Mean time per level.
                   A        B        C        D        E       F      G
               +--------+--------+--------+--------+--------+-----+--------+
         Total |   2192 |   2115 |     77 |      6 |   1679 |   4 |  548.0 |
       Dungeon |   2192 |   2115 |     77 |      6 |   1679 |   4 |  548.0 |
               +--------+--------+--------+--------+--------+-----+--------+

Top non-repeatable levels by time:
     D:2: 736 daAuts
     D:3: 641 daAuts
     D:1: 606 daAuts
     D:4: 208 daAuts
